 Dungeon Crawl Stone Soup version 0.31-a0-1570-g93c622d222 (webtiles) character file.

Game seed: 897324927904911863

39 innerfire43 the Chucker (level 3, -7/24 HPs)
             Began as a Demonspawn Wanderer on Jan 3, 2024.
             Splashed by a jelly's acid (9 damage)
             ... on level 4 of the Dungeon.
             The game lasted 00:02:05 (1089 turns).

innerfire43 the Chucker (Demonspawn Wanderer)       Turns: 1089, Time: 00:02:06

Health: -7/24      AC:  7    Str: 14    XL:     3   Next: 26%
Magic:  5/5        EV: 10    Int: 15    God:
Gold:   28         SH:  0    Dex:  9    Spells: 4/5 levels left

rFire   . . .        a - +2 dagger
rCold   . . .        (no shield)
rNeg    . . .        c - +0 ring mail
rPois   .            j - +1 helmet
rElec   .            (no cloak)
rCorr   .            (no gloves)
SInv    .            (no boots)
Will    .....        (no amulet) Stlth
                     (no ring)
HPRegen 0.24/turn    (no ring)
MPRegen 0.09/turn

%: no passive effects
@: no status effects
A: powered by death 1
a: no special abilities


You were on level 4 of the Dungeon.
You visited 1 branch of the dungeon, and saw 3 of its levels.

You collected 28 gold pieces.

Inventory:

Hand Weapons
 a - a +2 dagger (weapon)
 g - a +1 dagger of draining
Missiles
 k - a throwing net
Armour
 c - a +0 ring mail (worn)
 j - a +1 helmet (worn)
Scrolls
 d - a scroll of vulnerability
 e - a scroll of identify {unknown}
 h - a scroll of revelation {unknown}
 i - 3 scrolls of poison {unknown}
 l - a scroll of noise {unknown}


   Skills:
 + Level 0.7 Short Blades
 - Level 4.5 Throwing
 + Level 2.0 Armour
 + Level 1.3 Dodging
 * Level 1.7 Spellcasting
 * Level 1.7 Fire Magic


You had 4 spell levels left.
You knew the following spells:

 Your Spells              Type           Power      Damage    Failure   Level
a - Foxfire               Conj/Fire      12%        2x1d4     32%         1

Your spell library contained the following spells:

 Spells                   Type           Power      Damage    Failure   Level
 Inner Flame              Hex/Fire       3%         N/A       67%         3
 Manifold Assault         Tloc           1%         N/A       99%         4
 Silence                  Hex/Air        0%         N/A       100%        5
 Malign Gateway           Summ/Tloc      0%         N/A       100%        7


Dungeon Overview and Level Annotations

Branches:
Dungeon (2/15)

Altars:


Innate Abilities, Weirdness & Mutations

You regenerate a little health from kills.


Message History

Found a stone staircase leading up.
No target in view!
Key pressed, stopping explore.
No target in view!
No target in view!
There is a stone staircase leading up here.
Found a robe.
A malevolent force fills the Dungeon...
You fall into a shaft and drop 2 floors!
The shaft crumbles and collapses.
A jelly comes into view.
The jelly quivers.
A jelly is nearby!
You hit the jelly but do no damage.
Your hands burn!
The jelly barely misses you.
You hit the jelly.
Your hands burn!
The jelly is lightly wounded.
You hit the jelly.
Your hands burn!
The jelly is moderately wounded.
The jelly hits you but does no damage.
You hit the jelly. The acid corrodes you!
Your hands burn!
The jelly is heavily wounded.
The jelly hits you.
You are splashed with acid!
* * * LOW HITPOINT WARNING * * *
You are too injured to fight recklessly!
You are too injured to fight recklessly!
You are too injured to fight recklessly!
It was a potion of cancellation.
Your magical effects are unravelling.
You feel magically purged.
You are no longer corroded.
The jelly hits you but does no damage.
Throw: dart (curare)
Press: ? - help, Q - select action, (/) - cycle Shift-Dir - straight line, f - jelly
Aim: a jelly (heavily wounded, 88% to hit)
You throw a curare-tipped dart. The curare-tipped dart hits the jelly.
The jelly is heavily wounded.
The jelly hits you.
* * * LOW HITPOINT WARNING * * *
You are splashed with acid!
You die...

#.##...# #....#.##
#....#..######## #
###.#..#..........
.#
....#....##########.
.#..#...........#..
.#....########.##.#
.#.#### #.##J# ...#
#..@.# #### ###### #
# #


You could see a jelly.

Vanquished Creatures
  2 dart slugs (D:1)
  3 endoplasms (D:1)
  A giant cockroach (D:1)
  6 goblins
  2 hobgoblins (D:1)
  3 kobolds (D:1)
  A quokka (D:1)
  4 ball pythons (D:1)
  4 bats
  3 frilled lizards (D:1)
  2 rats (D:1)
31 creatures vanquished.

Notes
Turn   | Place    | Note
-------+----------+-------------------------------------------
     0 | D:1      | innerfire43 the Demonspawn Wanderer began the quest for the
                  | Orb.
     0 | D:1      | innerfire43 set off with the following items: a +2 dagger,
                  | a curare-tipped dart, a +0 ring mail, a scroll of
                  | vulnerability; and the following spell memorised: Foxfire;
                  | and the following spells available to memorise: Inner
                  | Flame.
     0 | D:1      | Reached XP level 1. HP: 13/13 MP: 2/2
    13 | D:1      | Got the Incunable of Transposed Charms
   105 | D:1      | Gained mutation: You regenerate a little health from kills.
                  | [demonic ancestry]
   105 | D:1      | Reached XP level 2. HP: 13/14 MP: 3/3
   412 | D:1      | Reached XP level 3. HP: 21/24 MP: 5/5
  1047 | D:2      | You fall into a shaft and drop 2 floors!
  1089 | D:4      | Splashed by a jelly's acid

Illustrated notes

Levels and vault maps discovered:
D:1:      dpeg_arrival_three_bigger_balls, layout_loops_ring
D:2:      minmay_skewed_foursquare, layout_loops_ring, basic_altar,
          minmay_misc_feat_encased
D:4:      layout_basic, minmay_misc_feat_columns

Skill      XL: |  1  2  3 |
---------------+----------+-----
Armour         | 2 |  2.0
Short Blades   | |  0.7
Throwing       | |  4.5
Dodging        | |  1.3
Spellcasting   | |  1.7
Fire Magic     | |  1.7

Action                     || total
---------------------------++-------
  Melee: Dagger            ||   125
  Throw: Dart              ||     1
    Use: Potion            ||     1
 Armour: Ring mail         ||    82
  Dodge: Dodged            ||    63

Table legend: (Time is in decaauts)
 A = Elapsed time spent in this place.
 B = Non-inter-level travel time spent in this place.
 C = Inter-level travel time spent in this place.
 D = Time resting spent in this place.
 E = Time spent auto-exploring this place.
 F = Levels seen in this place.
 G = Mean time per level.
                   A        B        C        D        E       F      G
               +--------+--------+--------+--------+--------+-----+--------+
         Total |   1086 |   1018 |     68 |      0 |    759 |   3 |  362.0 |
       Dungeon |   1086 |   1018 |     68 |      0 |    759 |   3 |  362.0 |
               +--------+--------+--------+--------+--------+-----+--------+

Top non-repeatable levels by time:
     D:1: 897 daAuts
     D:2: 147 daAuts
     D:4: 41 daAuts
